 Dungeon Crawl Stone Soup version 0.19.5 (webtiles) character file.

9680 TryAgain the Protected (level 11, -2/71 HPs)
             Began as a Gargoyle Fighter on Apr 18, 2017.
             Was an Elder of Vehumet.
             Slain by a komodo dragon (18 damage)
             ... on level 11 of the Dungeon.
             The game lasted 00:36:11 (10837 turns).

TryAgain the Protected (Gargoyle Fighter)          Turns: 10837, Time: 00:36:12

Health: -2/71      AC: 22    Str: 20    XL:     11   Next: 50%
Magic:  11/11      EV: 11    Int: 12    God:    Vehumet [****..]
Gold:   517        SH: 11    Dex:  9    Spells: 2 memorised, 5 levels left

rFire  + . .     SeeInvis .     j - +3 flail (crush)
rCold  . . .     Gourm    .     w - +0 scale mail {rF+}
rNeg   + . .     Faith    .     c - +0 shield
rPois  ∞         Spirit   .     k - +0 helmet
rElec  +         Reflect  .     G - +1 cloak {+Inv}
rCorr  +         Harm     +     J - +0 pair of gloves
MR     +....                    e - +0 pair of boots
Stlth  ++........               a - amulet of harm
                                n - ring of protection from magic
                                h - ring of resist corrosion

@: very slightly contaminated, hasted, very quick
A: negative energy resistance 1, electricity resistance, unbreathing,
petrification resistance, rot immunity, AC +7
a: Renounce Religion, Evoke Invisibility


You were on level 11 of the Dungeon.
You worshipped Vehumet.
Vehumet was greatly pleased with you.
You were not hungry.

You visited 1 branch of the dungeon, and saw 11 of its levels.

You collected 517 gold pieces.

Inventory:

Hand Weapons
 b - a +0 dire flail
 j - a +3 flail of crushing (weapon)
Armour
 c - a +0 shield (worn)
 e - a +0 pair of boots (worn)
 g - a +1 cloak
 k - a +0 helmet (worn)
 w - a +0 scale mail of fire resistance (worn)
 z - a +0 troll leather armour {Snorg}
 G - a +1 cloak of invisibility (worn)
 J - a +0 pair of gloves (worn)
 R - the cursed +1 scale mail of Makhleb's Delight {*Drain rN+ Int+6, unknown}
   (You found it on level 11 of the Dungeon)

   It affects your intelligence (+6).
   It protects you from negative energy.
   It causes draining when unequipped.
   It has a curse placed upon it.
Magical Staves
 v - an uncursed staff of conjuration
Jewellery
 a - an amulet of harm (around neck)
 h - a ring of resist corrosion (left hand)
 i - an uncursed ring of ice {unknown}
 n - a ring of protection from magic (right hand)
 M - an uncursed ring of positive energy
 O - a cursed +2 amulet of reflection {unknown}
Wands
 m - a wand of flame (27/48)
 r - a wand of random effects (29/48)
 x - a wand of random effects (26/48)
 y - a wand of enslavement (8/24)
 C - a wand of digging (10/24)
 I - a wand of polymorph (6/24)
 Q - a wand of lightning (5/15)
Scrolls
 o - 2 scrolls of recharging
 p - 2 scrolls of identify
 t - 5 scrolls of teleportation
 A - a scroll of fear
 B - 2 scrolls of enchant armour
 H - 2 scrolls of remove curse
 P - a scroll of fog
Potions
 s - 4 potions of lignification
 u - 2 potions of flight
 F - a potion of brilliance
 N - a potion of haste
Books
 L - a book of Cantrips

   Spells                             Type                      Level
   a - Confusing Touch                Hexes                        1
   b - Animate Skeleton               Necromancy                   1
   c - Summon Small Mammal            Summoning                    1
   d - Apportation                    Translocation                1
Comestibles
 d - 8 slices of pizza
 f - 6 bread rations
 l - 6 fruits
 q - a chunk of flesh
 D - 3 beef jerkies
 E - a royal jelly
 K - 3 meat rations


   Skills:
 + Level 9.5 Fighting
 - Level 4.0 Maces & Flails
 + Level 9.7 Armour
 + Level 5.0 Dodging
 + Level 8.4 Stealth
 + Level 9.6 Shields
 - Level 3.5 Conjurations


You had 5 spell levels left.
You knew the following spells:

 Your Spells              Type           Power        Failure   Level  Hunger
a - Fulminant Prism       Conj/Hex       #.........   99%         4    #####..
b - Summon Small Mammal   Summ           #...         98%         1    ##.....


Dungeon Overview and Level Annotations

Branches:
Dungeon (11/15)            Temple (0/1) D:6            Lair (0/6) D:11
    Orc (0/2) D:11

Altars:
Nemelex Xobeh
Vehumet
Zin

Shops:
D:4 }


Innate Abilities, Weirdness & Mutations

You are resistant to torment.
Your stone body is resilient. (AC +7)
You are immune to poison.
You resist negative energy. (rN+)
You are resistant to electric shocks. (rElec)
You can survive without breathing.
You are immune to petrification.
You are immune to rotting.


Message History

You block the komodo dragon's attack.
The komodo dragon completely misses you.
You feel yourself speed up. The komodo dragon bites you!
* * * LOW HITPOINT WARNING * * *
You are very lightly contaminated with residual magic.
You barely miss the komodo dragon.
The komodo dragon is lightly wounded.
You sock the komodo dragon!
The komodo dragon is heavily wounded.
You block the komodo dragon's attack.
You closely miss the komodo dragon.
The komodo dragon is heavily wounded.
You block the komodo dragon's attack.
You sock the komodo dragon!
The komodo dragon is almost dead.
You block the komodo dragon's attack.
You hit the komodo dragon.
The komodo dragon is almost dead.
The komodo dragon bites you!
You die...

######### #.......##
###############.........
.................######
.......#########.#
.......# #.# ##.....#
#@# .#.....# +l#
.#.....#########l#######
##..............ll......
#................l......
#......#+##.............
#......# ...............
.......# ...............
.......# ...............


You could see a komodo dragon, a basilisk and 3 iguanas.

Vanquished Creatures
  Snorg (D:10)
  3 hill giants
  Maurice (D:8)
  A gargoyle (D:10)
  A troll (D:10)
  A hippogriff (D:11)
  2 yaks (D:10)
  4 hogs (D:7)
  A human (D:7)
  A steam dragon (D:9)
  Grum (D:9)
  2 hungry ghosts
  2 water moccasins
  7 orc warriors
  A sky beast (D:9)
  An eye of draining (D:10)
  A phantom (D:10)
  2 ice beasts
  A necrophage (D:10)
  2 wolves (D:9)
  4 ogres
  3 centaurs
  2 crocodiles
  7 bullfrogs
  3 scorpions
  8 wights
  2 howler monkeys (D:8)
  5 jellies
  6 crimson imps
  3 centaur zombies
  A quasit (D:6)
  2 bullfrog skeletons
  A centaur skeleton (D:10)
  5 orc priests
  3 hounds
  8 orc wizards
  Ijyb (D:3)
  Terence (D:3)
  3 iguanas
  11 worker ants
  A killer bee zombie (D:10)
  A hound skeleton (D:3)
  3 worker ant zombies
  Robin (D:4)
  A howler monkey skeleton (D:5)
  12 adders
  2 oozes
  A worm (D:3)
  3 dart slugs
  6 leopard geckos
  35 orcs
  7 bats
  16 goblins
  3 hobgoblins
  24 jackals
  6 kobolds
  4 quokkas
  A ball python (D:3)
  3 frilled lizards
  A jackal zombie (D:5)
  A leopard gecko skeleton (D:4)
  8 rats
255 creatures vanquished.

Vanquished Creatures (others)
  An orc (D:11)
1 creature vanquished.

Grand Total: 256 creatures vanquished

Notes
Turn   | Place    | Note
-------+----------+-------------------------------------------
     0 | D:1      | TryAgain the Gargoyle Fighter began the quest for the Orb.
     0 | D:1      | Reached XP level 1. HP: 14/14 MP: 1/1
   195 | D:1      | Reached XP level 2. HP: 19/19 MP: 2/2
   641 | D:1      | Reached XP level 3. HP: 23/23 MP: 3/3
  1202 | D:2      | Reached XP level 4. HP: 23/29 MP: 4/4
  1915 | D:3      | Reached XP level 5. HP: 26/33 MP: 5/5
  2026 | D:3      | Found a faded altar of an unknown god.
  2027 | D:3      | Noticed Terence
  2040 | D:3      | Killed Terence
  2085 | D:3      | Noticed Ijyb
  2109 | D:3      | Killed Ijyb
  2244 | D:4      | Found a radiant altar of Vehumet.
  2249 | D:4      | Noticed Robin
  2265 | D:4      | Reached XP level 6. HP: 30/39 MP: 6/6
  2270 | D:4      | Killed Robin
  2315 | D:4      | Became a worshipper of Vehumet
  2554 | D:4      | Found Vuamet's Gadget Shop.
  2845 | D:5      | Entered Level 5 of the Dungeon
  2862 | D:4      | Reached skill level 5 in Armour
  2868 | D:4      | Reached skill level 5 in Shields
  2996 | D:4      | Reached skill level 5 in Fighting
  2996 | D:4      | Reached XP level 7. HP: 30/44 MP: 7/7
  3678 | D:5      | Reached skill level 1 in Dodging
  3682 | D:5      | Reached * piety under Vehumet
  3682 | D:5      | Offered knowledge of Sandblast by Vehumet.
  3901 | D:5      | Reached skill level 1 in Stealth
  4308 | D:6      | Reached XP level 8. HP: 50/50 MP: 8/8
  4698 | D:6      | Found a glowing silver altar of Zin.
  4767 | D:6      | Offered knowledge of Throw Frost by Vehumet.
  4787 | D:6      | Reached ** piety under Vehumet
  4839 | D:6      | HP: 1/52 [orc priest/divine providence (11)]
  5162 | D:6      | Reached XP level 9. HP: 41/56 MP: 9/9
  5392 | D:6      | Found a staircase to the Ecumenical Temple.
  6389 | D:7      | Reached skill level 5 in Stealth
  6847 | D:8      | Reached XP level 10. HP: 59/64 MP: 10/10
  7161 | D:8      | Noticed Maurice
  7180 | D:8      | Killed Maurice
  7307 | D:8      | Offered knowledge of Inner Flame by Vehumet.
  7309 | D:8      | Found a sparkling altar of Nemelex Xobeh.
  7687 | D:9      | Reached *** piety under Vehumet
  8155 | D:9      | Noticed Grum
  8162 | D:9      | Killed Grum
  8579 | D:10     | Entered Level 10 of the Dungeon
  8617 | D:10     | Offered knowledge of Fulminant Prism by Vehumet.
  8617 | D:10     | Reached skill level 5 in Dodging
  8626 | D:10     | Learned a level 4 spell: Fulminant Prism
  8866 | D:10     | Reached skill level 1 in Conjurations
  9042 | D:9      | Noticed a hill giant
  9055 | D:9      | Killed a hill giant
  9055 | D:9      | Reached XP level 11. HP: 25/69 MP: 11/11
  9305 | D:10     | Noticed Snorg
  9323 | D:10     | Killed Snorg
  9528 | D:10     | Reached **** piety under Vehumet
  9573 | D:10     | Learned a level 1 spell: Summon Small Mammal
  9765 | D:10     | Noticed a hill giant
  9815 | D:10     | Killed a hill giant
 10494 | D:11     | Noticed a cyan ugly thing
 10746 | D:11     | Found a staircase to the Orcish Mines.
 10800 | D:11     | Noticed a hill giant
 10807 | D:11     | Got a citrine-encrusted scale mail
 10815 | D:11     | Found a staircase to the Lair.
 10829 | D:11     | Killed a hill giant
 10837 | D:11     | Slain by a komodo dragon

Skill      XL: |  1  2  3  4  5  6  7  8  9 10 11 |
---------------+----------------------------------+-----
Shields        | 4 5 6 7 9 |  9.6
Armour         | 4 5 6 7 9 |  9.7
Fighting       | 4 5 6 7 8 9 |  9.5
Maces & Flails | 3 4 |  4.0
Dodging        | 1 3 4 5 |  5.0
Stealth        | 1 3 5 7 8 |  8.4
Conjurations   | 2 3 |  3.5

Action                   |  1- 3 |  4- 6 |  7- 9 | 10-12 || total
-------------------------+-------+-------+-------+-------++-------
Melee: Flail             |   198 |   215 |   559 |   444 ||  1416
  Use: Scroll            |       |     8 |     8 |     8 ||    24
       Potion            |       |     3 |     3 |     6 ||    12
 Stab: Sleeping          |       |       |     1 |    10 ||    11
       Distracted        |       |       |       |     1 ||     1
  Eat: Chunk             |       |     7 |    12 |    13 ||    32
       Meat ration       |       |       |     1 |       ||     1
       Bread ration      |       |       |     1 |       ||     1
       Beef jerky        |       |       |     1 |       ||     1
Armor: Scale mail        |   152 |   133 |   378 |   168 ||   831
Dodge: Dodged            |    88 |    42 |   153 |   133 ||   416
Block: Shield            |   127 |   134 |   341 |   239 ||   841
